 Dungeon Crawl Stone Soup version 0.29.1-2-gbd0b4ee654 (webtiles) character file.

Game seed: 15419265338345376051

4323 Lutefisk the Covert (level 10, -6/56 HPs)
             Began as a Vine Stalker Brigand on Oct 30, 2022.
             Was a Follower of Elyvilon.
             Mangled by a shadow (21 damage)
             ... on level 9 of the Dungeon.
             The game lasted 00:27:21 (4857 turns).

Lutefisk the Covert (Vine Stalker Brigand)          Turns: 4857, Time: 00:27:22

Health: -6/56      AC: 10    Str: 14    XL:     10   Next: 33%
Magic:  0/11       EV: 12    Int: 11    God:    Elyvilon [*.....]
Gold:   315        SH:  5    Dex: 20    Spells: 9/9 levels left

rFire   . . .      SeeInvis .   C - +0 rapier
rCold   . . .      Faith    .   (no shield)
rNeg    . . .      Spirit   +   F - +0 steam dragon scales
rPois   .          Reflect  +   w - +2 helmet
rElec   .          Harm     .   c - +0 cloak
rCorr   +          Rampage  .   (no gloves)
Will    +....                   y - +0 pair of boots
Stlth   +++++.....              v - amulet of reflection
HPRegen 0.98/turn               q - ring of resist corrosion
MPRegen 0.12/turn               t - ring of flight

@: flying
A: fangs 3, regeneration 1, magic shield, antimagic bite, no potion heal 2
a: Renounce Religion, Purification


You were on level 9 of the Dungeon.
You worshipped Elyvilon.
Elyvilon was aware of your devotion.
You visited 2 branches of the dungeon, and saw 10 of its levels.

You collected 315 gold pieces.

Inventory:

Hand Weapons
 a - a +4 dagger
 C - a +0 rapier (weapon)
 H - a +0 scimitar of flaming
Missiles
 d - 30 poisoned darts (quivered)
 e - 2 curare-tipped darts
Armour
 c - a +0 cloak (worn)
 w - a +2 helmet (worn)
 y - a +0 pair of boots (worn)
 F - +0 steam dragon scales (worn)
 I - a scarf of harm
Jewellery
 q - a ring of resist corrosion (left hand)
 t - a ring of flight (right hand)
 u - a +6 ring of intelligence
 v - an amulet of reflection (around neck)
Wands
 l - a wand of mindburst (6)
 B - a wand of flame (43)
 G - a wand of charming (19)
Scrolls
 f - a scroll of poison {unknown}
 g - 3 scrolls of fear
 h - 6 scrolls of teleportation
 j - 2 scrolls of amnesia
 k - 2 scrolls of blinking
 o - 4 scrolls of enchant weapon
 x - 2 scrolls of vulnerability
 A - a scroll of brand weapon {unknown}
Potions
 b - a potion of degeneration {unknown}
 i - 2 potions of magic {unknown}
 m - 3 potions of haste
 n - a potion of attraction {unknown}
 z - a potion of curing
 D - a potion of might {unknown}
 E - 2 potions of invisibility


   Skills:
 - Level 8.0 Fighting
 - Level 2.0(4.1) Short Blades
 - Level 5.8(6.0) Long Blades
 - Level 2.0 Throwing
 - Level 2.0 Armour
 - Level 2.0 Dodging
 * Level 11.7 Stealth
 - Level 4.0 Evocations


You had 9 spell levels left.
You didn't know any spells.
Your spell library contained the following spells:

 Spells                   Type           Power      Damage    Failure   Level
 Sandblast                Erth           0%         2d4       34%         1
 Passwall                 Tmut/Erth      0%         N/A       47%         2
 Stone Arrow              Conj/Erth      0%         3d7       71%         3


Dungeon Overview and Level Annotations

Branches:
Dungeon (9/15)             Temple (1/1) D:4
   Lair: D:8-11         Orc: D:9-12

Altars:
Ashenzari
Cheibriados
Dithmenos
Elyvilon
Fedhas
Gozag
Hepliaklqana
Nemelex Xobeh
Okawaru
Qazlal
Ru
Sif Muna
Trog
Uskayaw
Vehumet
Xom
Yredelemnul
Zin
The Shining One

Shops:
D:7 *   D:8 (

Annotations:
D:6 2 transporters, Oddbjorg's ghost, novice NaTm
D:8 Grum


Innate Abilities, Weirdness & Mutations

You have razor-sharp teeth.
Your natural rate of healing is unusually fast.
When hurt, damage is shared between your health and your magic reserves.
Your bite disrupts and absorbs the magic of your enemies.
Potions cannot restore your health.


Message History

You feel sick.
The killer bee stings you but does no damage.
The killer bee stings you.
You miss the killer bee.
The killer bee is almost dead.
You feel sick. The killer bee closely misses you.
The killer bee barely misses you.
The killer bee attacks as you move away!
The killer bee barely misses you.
You feel sick. The killer bee closely misses you.
You see here a killer bee corpse.
You hit the killer bee.
You kill the killer bee!
You feel sick. The killer bee stings you!
Throw: 31 darts (poison)
Press: ? - help, Q - select action, (/) - cycle Shift-Dir - straight line, f - killer bee
Aim: a killer bee (44% to hit)
You throw a poisoned dart.
The poisoned dart closely misses the killer bee.
The killer bee stings you but does no damage. x2
Aiming: Mindburst
Press: ? - help, Shift-Dir - straight line, f/p - killer bee
Aim: a killer bee (chance to affect: 85%)
The killer bee's mind is blasted!!
You blow up the killer bee!
You feel sick.
The shadow strikes at you from the darkness!
* * * LOW HITPOINT WARNING * * *
Reactivating autopickup.
Blink to where?
Press: ? - help, Dir - move target
As you read the scroll of blinking, it crumbles to dust.
You feel sick.
You feel sick.
You are no longer poisoned.
The shadow slips into darkness.
The shadow flickers and vanishes!
Deactivating autopickup; reactivate with Ctrl-A.
The shadow strikes at you from the darkness!
You die...

##.....# ### ##..# #†# ##..
##.....# #.. #..## #{# # #......#
#.# ##..######.# #......# #.#
##......#.##### #......# #.#
######.#...).# #......# #.#
#....)#.# .......#####.#####
#####)#)##
##...............###########.)...
###########.###@................
#.##......###........#
#....###### ########>. ##### ###


There were no monsters in sight!

Vanquished Creatures
  A two-headed ogre (D:7)
  Maggie (D:6)
  A wyvern (D:8)
  Eustachio (D:5)
  A steam dragon (D:6)
  2 orc warriors
  A sky beast (D:5)
  A wolf (D:8)
  A centaur (D:7)
  A phantom (D:3)
  3 kobold brigands
  A necrophage (D:7)
  4 bullfrogs
  4 scorpions
  15 killer bees
  2 howler monkeys
  3 jellies
  4 hounds
  4 orc priests
  2 gnoll boudas (D:5)
  Jessica (D:2)
  7 orc wizards
  4 iguanas
  Robin (D:2)
  6 gnolls
  10 adders
  2 ufetubi (D:7)
  A worm (D:2)
  4 dart slugs
  34 orcs
  9 ball pythons
  6 endoplasms
  A giant cockroach (D:1)
  14 goblins
  10 hobgoblins
  2 jackals (D:1)
  3 quokkas
  7 bats
  2 frilled lizards
  16 kobolds
  4 rats
197 creatures vanquished.

Vanquished Creatures (others)
  A sky beast (D:8)
  A centaur (D:7)
  10 plants (D:5)
12 creatures vanquished.

Grand Total: 209 creatures vanquished

Notes
Turn   | Place    | Note
-------+----------+-------------------------------------------
     0 | D:1      | Lutefisk the Vine Stalker Brigand began the quest for the
                  | Orb.
     0 | D:1      | Reached XP level 1. HP: 11/11 MP: 2/2
   107 | D:1      | Reached skill level 5 in Stealth
   389 | D:1      | Reached XP level 2. HP: 15/15 MP: 3/3
   626 | D:1      | Reached XP level 3. HP: 18/19 MP: 4/4
   779 | D:2      | Noticed Jessica
   791 | D:2      | Killed Jessica
   792 | D:2      | Gained mutation: Your natural rate of healing is unusually
                  | fast. [Vine Stalker growth]
   792 | D:2      | Reached XP level 4. HP: 11/25 MP: 1/5
   989 | D:2      | Reached skill level 1 in Dodging
  1019 | D:2      | Noticed Robin
  1031 | D:2      | Killed Robin
  1032 | D:2      | Reached skill level 1 in Armour
  1051 | D:2      | Reached XP level 5. HP: 29/29 MP: 6/6
  1396 | D:3      | Noticed a phantom
  1413 | D:3      | Killed a phantom
  1414 | D:3      | Reached skill level 6 in Stealth
  1601 | D:4      | Reached XP level 6. HP: 27/33 MP: 7/7
  1632 | D:4      | Reached skill level 7 in Stealth
  1773 | D:4      | You are sucked into a shaft and drop 3 floors!
  1792 | D:7      | Reached skill level 8 in Stealth
  1808 | D:7      | Found Iprized's Assorted Antiques.
  1815 | D:7      | Noticed an orc warrior
  1850 | D:5      | Entered Level 5 of the Dungeon
  1867 | D:5      | Reached XP level 7. HP: 38/38 MP: 8/8
  1909 | D:5      | Reached skill level 5 in Fighting
  2343 | D:5      | Found a stormy altar of Qazlal.
  2343 | D:5      | Noticed Eustachio
  2358 | D:5      | Killed Eustachio
  2359 | D:5      | Gained mutation: You have razor-sharp teeth. [Vine Stalker
                  | growth]
  2359 | D:5      | Reached XP level 8. HP: 35/44 MP: 7/9
  2488 | D:5      | Reached skill level 1 in Long Blades
  2602 | D:6      | Reached skill level 9 in Stealth
  2828 | D:6      | Found a transporter.
  2832 | D:6      | Found a transporter.
  2832 | D:6      | Noticed Oddbjorg's ghost (novice NaTm)
  2834 | D:6      | Noticed a hornet
  2891 | D:6      | Noticed Maggie
  2909 | D:6      | Killed Maggie
  2910 | D:6      | Reached skill level 1 in Evocations
  2910 | D:6      | Reached XP level 9. HP: 38/50 MP: 4/10
  3085 | D:7      | Found a sacrificial altar of Ru.
  3158 | D:7      | Found a glowing silver altar of Zin.
  3158 | D:7      | Found a blossoming altar of Fedhas.
  3163 | D:7      | Found a radiant altar of Vehumet.
  3165 | D:7      | Found a shadowy altar of Dithmenos.
  3166 | D:7      | Found an opulent altar of Gozag.
  3341 | D:7      | Noticed a two-headed ogre
  3361 | D:7      | Killed a two-headed ogre
  3362 | D:7      | Reached skill level 10 in Stealth
  3701 | D:6      | Found a shimmering blue altar of Sif Muna.
  3841 | D:4      | Found a staircase to the Ecumenical Temple.
  3849 | Temple   | Entered the Ecumenical Temple
  3860 | Temple   | Became a worshipper of Elyvilon the Healer
  3973 | D:8      | Reached skill level 5 in Long Blades
  3973 | D:8      | Reached XP level 10. HP: 56/56 MP: 11/11
  4041 | D:8      | HP: 2/56 [poisoned by a killer bee]
  4095 | D:8      | Noticed Grum
  4266 | D:8      | Found a hazy altar of Hepliaklqana.
  4267 | D:8      | Found a shimmering altar of Xom.
  4268 | D:8      | Noticed a spectral ugly thing
  4298 | D:8      | Found Jymo Neg's Weapon Shoppe.
  4349 | D:8      | Reached skill level 11 in Stealth
  4745 | D:9      | Reached * piety under Elyvilon
  4857 | D:9      | Mangled by a shadow

Illustrated notes

Levels and vault maps discovered:
D:1:      dpeg_arrival_three_bigger_balls, layout_loops_ring, minmay_cut_off
D:2:      layout_basic, minmay_pentomino_t4, uniq_jessica, uniq_robin
D:3:      layout_basic, lemuel_zombie_altar_kikubaaqudgha, serial_rivers,
          chequers_serial_rivers_marsh, chequers_serial_rivers_small_a,
          chequers_serial_rivers_small_b, chequers_serial_rivers_micro_e,
          chequers_serial_rivers_micro_c, chequers_ecumenical_altar_lobes
D:4:      layout_gridville, marbit_many_paths,
          minmay_temple_entry_drinking_statues
D:5:      layout_basic, nicolae_qazlal_scattered_showers, nicolae_grassy_gnolls,
          uniq_eustachio
D:6:      layout_rooms, led_sif_pool, gammafunk_ghost_hive, minivault_25,
          uniq_maggie
D:7:      layout_loops_ring, lemuel_round_altar,
          chequers_temple_overflow_minitemple, serial_shops,
          nicolae_take_the_stairs, st_stairs_12, eino_tiny_chamber,
          dk_noncrumbling_3
D:8:      layout_basic, regret_index_temple_of_mockery,
          nicolae_wu_jian_immortal_techniques, minmay_misc_feat_chi,
          kennysheep_windowed_goal, uniq_grum
D:9:      layout_rooms
Temple:   hellmonk_temple_rainy

Skill      XL: |  1  2  3  4  5  6  7  8  9 10 |
---------------+-------------------------------+-----
Stealth        | 5 6 8 9 10 11 | 11.7
Fighting       | 2 3 4 6 7 8 |  8.0
Dodging        | 1 2 |  2.0
Armour         | 1 2 |  2.0
Short Blades   | 2 |  2.0
Throwing       | 2 |  2.0
Long Blades    | 3 5 |  5.8
Evocations     | 1 4 |  4.0

Action                   |  1- 3 |  4- 6 |  7- 9 | 10-12 || total
-------------------------+-------+-------+-------+-------++-------
Melee: Dagger            |    56 |   149 |    59 |       ||   264
       Bite              |    10 |    47 |    99 |    46 ||   202
       Punch             |       |     3 |    10 |     1 ||    14
       Rapier            |       |       |   252 |   153 ||   405
Throw: Dart              |     9 |     7 |    39 |    21 ||    76
Evoke: Wand              |       |       |     3 |     2 ||     5
  Use: Scroll            |       |       |       |     9 ||     9
       Potion            |       |       |       |     3 ||     3
 Stab: Sleeping          |     3 |     8 |    12 |     1 ||    24
Armor: Robe              |     6 |       |       |       ||     6
       Ring mail         |     2 |    68 |    40 |       ||   110
       Steam dragon scal |       |       |    74 |    72 ||   146
Dodge: Dodged            |    25 |    56 |   176 |   109 ||   366
Block: Other             |       |    15 |    62 |    44 ||   121
       Reflection        |       |     1 |     2 |     2 ||     5
